 Dungeon Crawl Stone Soup version 0.23.2-1-ga50397a (webtiles) character file.

Game seed: 12115340036155912375

12581 Fang the Fighter (level 11, 0/109 HPs)
             Began as a Gargoyle Berserker on May 22, 2019.
             Was the Champion of Trog.
             Slain by a centaur warrior (3 damage)
             ... on level 11 of the Dungeon.
             The game lasted 00:12:58 (11354 turns).

Fang the Fighter (Gargoyle Berserker)              Turns: 11354, Time: 00:12:59

Health: 0/109      AC: 24    Str: 29    XL:     11   Next: 95%
Magic:  0/11       EV: 12    Int:  8    God:    Trog [******]
Gold:   544        SH:  0    Dex: 13    Spells: 10/10 levels left

rFire    . . .     SeeInvis .   a - +4 war axe
rCold    . . .     Gourm    .   (no shield)
rNeg     + . .     Faith    .   b - +2 plate armour
rPois    ∞         Spirit   +   (no helmet)
rElec    +         Reflect  .   (no cloak)
rCorr    +         Harm     .   (no gloves)
MR       .....                  (no boots)
Stlth    ..........             x - amulet of guardian spirit
HPRegen  0.28/turn              n - ring of resist corrosion
MPRegen  0.12/turn              i - +4 ring of dexterity

@: berserking, starving, very quick
A: negative energy resistance 1, electricity resistance, unbreathing,
petrification resistance, rot immunity, AC +8
a: Berserk, Trog's Hand, Brothers in Arms, Renounce Religion


You were on level 11 of the Dungeon.
You worshipped Trog.
Trog was exalted by your worship.
You were starving.

You visited 2 branches of the dungeon, and saw 12 of its levels.
You also visited: Ossuary.

You collected 544 gold pieces.

Inventory:

Hand Weapons
 a - a +4 war axe (weapon)
Armour
 b - a +2 plate armour (worn)
Jewellery
 e - a +3 ring of intelligence
 i - a +4 ring of dexterity (right hand)
 n - a ring of resist corrosion (left hand)
 t - an uncursed ring of fire {unknown}
 x - an amulet of guardian spirit (around neck)
Wands
 o - a wand of acid (13)
 y - a wand of iceblast (18)
Scrolls
 d - 3 scrolls of remove curse
 g - 2 scrolls of identify
 j - 3 scrolls of magic mapping
 k - 2 scrolls of fear
 m - a scroll of fog
 w - 3 scrolls of teleportation
Potions
 f - 10 potions of curing
 h - 3 potions of resistance
 l - 3 potions of might
 p - 3 potions of flight
 r - 2 potions of agility
 s - 2 potions of haste
 u - 3 potions of heal wounds
Comestibles
 c - 18 rations


   Skills:
 + Level 10.8 Fighting
 + Level 9.2 Axes
 + Level 10.4 Armour
 + Level 8.1 Dodging


You had 10 spell levels left.
You didn't know any spells.
Your spell library was empty.

Dungeon Overview and Level Annotations

Branches:
Dungeon (11/15)            Temple (1/1) D:7            Lair (0/6) D:8
    Orc (0/2) D:10

Altars:
Cheibriados
Gozag
Hepliaklqana
Nemelex Xobeh
Ru
Sif Muna
Trog
Uskayaw
Vehumet
Yredelemnul


Innate Abilities, Weirdness & Mutations

You are resistant to torment.
Your stone body is resilient. (AC +8)
You are immune to poison.
You resist negative energy. (rN+)
You are resistant to electric shocks. (rElec)
You can survive without breathing.
You are immune to petrification.
You are immune to rotting.


Message History

You slash the worker ant! You closely miss something.
You hit the centaur warrior but do no damage.
Your plate armour prevents you from hitting the centaur.
Something barely misses you. Something hits you.
* * * LOW HITPOINT WARNING * * *
The two-headed ogre hits you with a +0 giant club!
* * * LOW HITPOINT WARNING * * *
The two-headed ogre closely misses you. The worker ant bites you.
* * * LOW HITPOINT WARNING * * *
The centaur shoots an arrow.
Reactivating autopickup.
You feel a bit more experienced. The centaur warrior barely misses you.
The centaur closely misses you.
You barely miss the two-headed ogre.
The two-headed ogre is heavily wounded.
You slash the centaur!
Your plate armour prevents you from hitting the centaur warrior.
You slash the worker ant! The worker ant barely misses you.
The centaur warrior hits you.
You die...

##.?...#..##
...............##.#.##
...............##...# #
....................###.
..............#.........
..............#.........
.......sc...............
......cOac..............
.......@((..........##..
..#....c#.>.............
.......(.?..........##..
.....#..................
.....##..##.............
.... #.###....#........
... ..........##.......
... .#.......##.?....#.


You could see a centaur warrior, a two-headed ogre, 3 centaurs, a scorpion and a
worker ant.

Vanquished Creatures
  Josephine (D:10)
  Erolcha (D:9)
  A two-headed ogre (D:11)
  Sonja (D:10)
  An unseen horror (D:10)
  A deep elf mage (D:10)
  The ghost of arcanemastermind the Spear-Bearer, a novice MfSk (D:5)
  A komodo dragon (D:7)
  A troll (D:9)
  A polar bear (D:8)
  Grinder (D:6)
  A hippogriff (D:7)
  A yak (D:8)
  2 wyverns (D:8)
  3 wraiths (D:10)
  A basilisk (D:8)
  A human (D:8)
  2 hungry ghosts
  3 two-headed ogre zombies (D:10)
  Edmund (D:4)
  An acid dragon (D:8)
  3 ice beasts
  3 sky beasts
  3 orc warriors
  2 wolves (D:8)
  5 ogres
  4 phantoms
  5 centaurs
  A crocodile (D:8)
  A big kobold (D:7)
  4 elf zombies (Ossuary)
  8 bullfrogs
  A troll zombie (D:10)
  10 killer bees (D:10)
  4 wights (D:10)
  An electric eel (D:8)
  4 howler monkeys
  A bullfrog zombie (D:9)
  A crimson imp (D:5)
  5 hounds
  3 human zombies (Ossuary)
  5 centaur zombies (Ossuary)
  8 orc priests
  2 bullfrog skeletons
  7 orc wizards
  3 iguanas
  7 worker ants
  4 ogre zombies (D:10)
  A hound skeleton (D:8)
  3 mummies (Ossuary)
  A killer bee simulacrum (D:8)
  A worker ant zombie (D:10)
  9 gnolls
  13 adders
  2 shadow imps
  A white imp (D:8)
  A worker ant simulacrum (D:8)
  An adder skeleton (D:3)
  4 worms
  2 dart slugs (D:3)
  3 leopard geckos
  24 orcs
  6 giant cockroaches
  2 gnoll zombies (D:3)
  7 hobgoblins
  20 jackals
  12 kobolds
  6 quokkas
  A ball python zombie (D:6)
  3 bats
  3 frilled lizards (D:2)
  7 goblins
  A goblin zombie (D:10)
  4 hobgoblin skeletons (D:10)
  4 hobgoblin zombies (D:10)
  A leopard gecko skeleton (D:5)
  A leopard gecko zombie (D:7)
  3 orc skeletons (D:10)
  13 orc zombies (D:10)
  8 rats
300 creatures vanquished.

Vanquished Creatures (others)
  An unseen horror (D:11)
  An orc wizard (D:6)
  An adder (D:8)
  4 orcs
7 creatures vanquished.

Grand Total: 307 creatures vanquished

Notes
Turn   | Place    | Note
-------+----------+-------------------------------------------
     0 | D:1      | Fang the Gargoyle Berserker began the quest for the Orb.
     0 | D:1      | Reached XP level 1. HP: 14/14 MP: 1/1
   317 | D:1      | Reached XP level 2. HP: 19/19 MP: 2/2
   551 | D:2      | You fall through a shaft for 2 floors!
   576 | D:4      | Noticed Edmund
   597 | D:4      | Killed Edmund
   597 | D:4      | Reached XP level 3. HP: 10/24 MP: 3/3
   597 | D:4      | Reached XP level 4. HP: 13/29 MP: 4/4
   597 | D:4      | Reached XP level 5. HP: 15/33 MP: 5/5
   722 | D:4      | Reached ** piety under Trog
   966 | D:4      | Noticed a centaur
   973 | D:4      | Killed a centaur
   973 | D:4      | Reached XP level 6. HP: 29/39 MP: 6/6
  1049 | D:4      | Found a sand-covered staircase.
  1071 | Ossuary  | Entered an ossuary
  1230 | Ossuary  | Reached skill level 5 in Fighting
  1279 | Ossuary  | Reached XP level 7. HP: 29/44 MP: 7/7
  1725 | Ossuary  | Reached skill level 5 in Armour
  1725 | Ossuary  | Reached XP level 8. HP: 51/51 MP: 8/8
  2412 | D:3      | Found an opulent altar of Gozag.
  2412 | D:3      | Found a hazy altar of Hepliaklqana.
  2441 | D:3      | Reached skill level 5 in Axes
  2729 | D:3      | Reached *** piety under Trog
  2787 | D:3      | Found a bloodstained altar of Trog.
  2903 | D:3      | Found a basalt altar of Yredelemnul.
  3191 | D:2      | Found a sacrificial altar of Ru.
  3616 | D:2      | Found a deep blue altar of Sif Muna.
  3854 | D:5      | Entered Level 5 of the Dungeon
  3854 | D:5      | Found a runed translucent door.
  3867 | D:5      | Noticed arcanemastermind's ghost (novice MfSk)
  3904 | D:5      | Found a snail-covered altar of Cheibriados.
  4457 | D:5      | Found a hide-covered altar of Uskayaw.
  4877 | D:5      | Killed arcanemastermind's ghost
  4877 | D:5      | Reached XP level 9. HP: 57/57 MP: 9/9
  4960 | D:6      | Reached **** piety under Trog
  4960 | D:6      | Reached skill level 5 in Dodging
  4968 | D:6      | Noticed Grinder
  4995 | D:6      | Killed Grinder
  5051 | D:6      | Found a radiant altar of Vehumet.
  6325 | D:7      | Found a staircase to the Ecumenical Temple.
  6342 | Temple   | Entered the Ecumenical Temple
  7571 | D:8      | Noticed a komodo dragon
  7593 | D:7      | Killed a komodo dragon
  7593 | D:7      | Reached XP level 10. HP: 5/64 MP: 0/10
  8057 | D:8      | Found a sparkling altar of Nemelex Xobeh.
  8927 | D:8      | Reached ***** piety under Trog
  9104 | D:8      | Found a staircase to the Lair.
  9158 | D:9      | Noticed Erolcha
  9181 | D:9      | Killed Erolcha
  9509 | D:9      | Reached XP level 11. HP: 52/71 MP: 8/11
  9878 | D:10     | Entered Level 10 of the Dungeon
 10087 | D:10     | Noticed Josephine
 10094 | D:10     | Noticed a deep elf mage
 10095 | D:10     | Killed Josephine
 10095 | D:10     | Reached skill level 10 in Fighting
 10116 | D:10     | Killed a deep elf mage
 10294 | D:10     | Noticed Sonja
 10313 | D:10     | Killed Sonja
 10313 | D:10     | Reached skill level 10 in Armour
 10429 | D:10     | Found a staircase to the Orcish Mines.
 10465 | D:10     | Reached ****** piety under Trog
 10874 | D:10     | Received a gift from Trog
 11092 | D:10     | Killed an unseen horror
 11337 | D:11     | Noticed a two-headed ogre
 11343 | D:11     | Noticed a centaur warrior
 11343 | D:11     | Noticed a two-headed ogre
 11348 | D:11     | Killed a two-headed ogre
 11353 | D:11     | HP: 3/109 [two-headed ogre/+0 giant club (6)]
 11353 | D:11     | Killed an unseen horror
 11354 | D:11     | Slain by a centaur warrior

Skill      XL: |  1  2  3  4  5  6  7  8  9 10 11 |
---------------+----------------------------------+-----
Axes           | 3 4 5 7 8 9 |  9.2
Fighting       | 4 5 7 8 9 10 | 10.8
Armour         | 3 4 5 6 7 9 10 | 10.4
Dodging        | 2 3 4 6 7 8 |  8.1

Action                   |  1- 3 |  4- 6 |  7- 9 | 10-12 || total
-------------------------+-------+-------+-------+-------++-------
Melee: Hand axe          |    55 |    77 |   690 |       ||   822
       War axe           |       |       |    58 |   425 ||   483
Invok: Berserk           |     1 |     4 |     9 |     6 ||    20
       Trog's Hand       |       |       |       |     1 ||     1
  Use: Scroll            |       |       |     7 |    18 ||    25
       Potion            |       |       |     1 |       ||     1
  Eat: Chunk             |       |     4 |    20 |    15 ||    39
       Ration            |       |       |     5 |     1 ||     6
Armor: Chain mail        |    29 |    50 |   131 |       ||   210
       Animal skin       |     1 |       |       |       ||     1
       Plate armour      |       |       |   403 |   388 ||   791
Dodge: Dodged            |    20 |    42 |   343 |   300 ||   705
